Map: Persephone LE

Players

Harry - Winner!

  • Race: Protoss Protoss
  • League: Silver
  • Spawn Location: 7:00

Sindyr

  • Race: Zerg Zerg
  • League: Master
  • Spawn Location: 11:00

VOD

Have the link to the VOD?

Description

Time

  • Played on: Sept. 17, 2025, 6:16 a.m.
  • Length: 15:12
Show
View Real Time Build Order
Export as new Build Order

Harry Protoss - Winner!

Build Orders: Carriers 

Get SALT Encoding   

  12  0:02  Probe  
  13  0:19  Probe  
  13  0:21  Pylon  
  13  0:27  Probe  
  15  0:37  Probe  
  16  0:49  Probe, Gateway  
  17  0:53  Assimilator  
  17  1:02  Gateway, Probe  
  17  1:10  Probe  
  19  1:19  Probe  
  20  1:28  Pylon  
  20  1:51  Cybernetics Core  
  20  1:56  Gateway  
  20  2:00  Zealot x2  
  24  2:21  Nexus  
  24  2:27  Warp Gate  
  24  2:31  Stalker  
  24  2:34  Stalker  
  28  2:48  Shield Battery  
  28  3:06  Assimilator  
  28  3:07  Probe, Pylon  
  29  3:15  Probe  
  30  3:23  Probe  
  31  3:31  Probe  
  31  3:38  Probe  
  31  3:39  Probe  
  33  3:46  Probe  
  34  3:48  Probe  
  34  3:54  Stargate  
  36  3:55  Probe  
  36  4:00  Probe  
  38  4:07  Probe  
  39  4:13  Probe  
  39  4:16  Zealot  
  42  4:17  Zealot  
  42  4:19  Probe  
  45  4:25  Probe  
  45  4:30  Assimilator  
  46  4:32  Probe, Assimilator  
  46  4:37  Probe  
  48  4:41  Fleet Beacon  
  48  4:44  Probe  
  49  4:49  Stargate, Probe  
  50  4:56  Probe  
  51  5:02  Gateway  
  51  5:05  Gateway  
  51  5:08  Twilight Council  
  51  5:09  Probe  
  52  5:16  Probe  
  52  5:17  Probe  
  54  5:32  Pylon  
  54  5:36  Pylon  
  54  5:40  Pylon  
  54  5:42  Protoss Air Weapons Level 1  
  54  5:44  Pylon  
  54  5:50  Probe x2  
  56  5:58  Charge  
  56  6:02  Probe  
  57  6:10  Carrier  
  63  6:35  Nexus  
  63  6:37  Pylon  
  63  6:38  Pylon  
  63  6:40  Pylon  
  63  6:44  Assimilator  
  63  6:49  Assimilator  
  63  6:54  Probe  
  63  6:55  Probe  
  65  7:04  Pylon, Carrier  
  65  7:06  Probe  
  65  7:07  Probe  
  65  7:08  Forge  
  73  7:11  Forge  
  73  7:13  Forge  
  73  7:17  Carrier  
  73  7:19  Probe x2  
  81  7:31  Probe x2  
  81  7:32  Protoss Air Armor Level 1  
  83  7:40  Protoss Ground Weapons Level 1  
  83  7:43  Probe x2, Protoss Ground Armor Level 1  
  85  7:46  Protoss Shields Level 1  
  85  7:55  Gateway  
  85  7:57  Gateway  
  85  8:00  Gateway x2  
  85  8:02  Probe  
  86  8:09  Carrier  
  86  8:10  Probe  
  92  8:19  Probe  
  93  8:21  Carrier  
  100  8:33  Probe  
  101  8:45  Probe  
  102  8:57  Probe  
  103  9:10  Nexus  
  103  9:11  Pylon  
  103  9:13  Pylon  
  103  9:15  Pylon  
  103  9:21  Carrier  
  103  9:23  Gateway  
  109  9:25  Gateway, Carrier  
  109  9:26  Gateway  
  109  9:28  Gateway  
  109  9:29  Gateway  
  115  9:33  Protoss Air Weapons Level 2  
  115  9:36  Stalker x2  
  119  9:43  Stargate  
  119  9:46  Stargate  
  119  9:52  Probe x2  
  121  10:04  Probe x2  
  121  10:06  Protoss Ground Weapons Level 2  
  123  10:09  Protoss Ground Armor Level 2, Robotics Facility  
  123  10:11  Protoss Shields Level 2  
  123  10:16  Probe x2  
  125  10:28  Probe x2  
  125  10:35  Carrier  
  133  10:37  Carrier  
  133  10:40  Probe  
  133  10:41  Probe  
  141  10:52  Probe  
  141  10:53  Probe  
  143  11:05  Probe x2  
  143  11:08  Probe  
  143  11:09  Assimilator  
  143  11:11  Assimilator  
  146  11:16  Probe  
  146  11:17  Probe x2  
  148  11:19  Zealot x4  
  148  11:20  Zealot x3  
  148  11:21  Zealot  
  148  11:22  Zealot x3  
  148  11:25  Probe  
  172  11:44  Pylon  
  170  11:47  Protoss Air Armor Level 2, Pylon  
  170  11:51  Pylon  
  152  11:54  Pylon  
  152  11:58  Carrier x3  
  168  12:02  Carrier  
  174  12:25  Nexus  
  174  12:27  Pylon  
  174  12:29  Assimilator x2  
  174  12:30  Pylon  
  174  12:31  Pylon  
  174  12:32  Pylon  
  174  12:40  Observer  
  175  12:58  Observer  
  176  13:16  Observer  
  177  13:21  Gateway x2, Carrier x2  
  177  13:23  Gateway  
  177  13:24  Gateway  
  177  13:26  Gateway  
  189  13:28  Gateway  
  189  13:30  Gateway  
  187  14:24  Zealot  
  187  14:25  Zealot x3  
  187  14:26  Zealot x2  
  176  14:57  Probe  
Show
View Real Time Build Order
Export as new Build Order

Sindyr Zerg 

Build Orders: Hatch First 

Get SALT Encoding   

  12  0:02  Drone  
  13  0:17  Drone  
  14  0:22  Overlord  
  14  0:41  Drone x2  
  14  0:42  Drone  
  17  0:52  Hatchery  
  16  1:00  Drone  
  16  1:03  Drone  
  18  1:06  Extractor  
  17  1:14  Drone  
  18  1:25  Drone  
  19  1:42  Spawning Pool  
  18  1:48  Drone  
  18  1:49  Overlord  
  19  2:11  Drone x3  
  22  2:20  Drone x2  
  24  2:28  Queen  
  24  2:29  Queen  
  28  2:31  Zergling x4  
  28  2:36  Overlord  
  30  2:43  Metabolic Boost  
  30  2:46  Drone  
  30  2:48  Drone  
  32  2:55  Drone  
  33  3:03  Overlord  
  33  3:04  Queen  
  37  3:16  Lair  
  35  3:23  Drone  
  35  3:24  Drone x4  
  40  3:32  Extractor  
  39  3:36  Drone  
  39  3:40  Queen  
  42  3:43  Extractor  
  42  3:45  Extractor  
  40  3:49  Drone x3  
  40  3:53  Drone x4  
  47  4:08  Roach Warren  
  46  4:16  Drone  
  49  4:17  Drone x4  
  49  4:18  Evolution Chamber  
  50  4:30  Drone x2  
  52  4:49  Zerg Missile Weapons Level 1  
  52  4:52  Glial Reconstitution  
  52  5:05  Overlord x3  
  52  5:26  Roach x8  
  52  5:27  Roach x3, Zergling x2  
  75  5:32  Hatchery  
  74  5:53  Pneumatized Carapace  
  74  6:11  Overlord x3  
  74  6:12  Hatchery  
  73  6:25  Drone x3  
  76  6:32  Infestation Pit  
  75  6:33  Overseer  
  75  6:36  Spore Crawler  
  75  6:37  Spore Crawler  
  73  6:40  Spore Crawler  
  73  6:43  Spine Crawler  
  73  6:44  Spine Crawler, Spore Crawler, Drone  
  73  6:45  Drone x3  
  73  6:47  Spine Crawler, Spore Crawler x2  
  73  6:51  Queen  
  72  7:28  Drone x2  
  72  7:29  Drone x19  
  93  7:36  Spore Crawler  
  92  7:37  Overlord  
  92  7:38  Overlord x2, Spine Crawler  
  92  7:40  Spore Crawler  
  92  7:43  Queen  
  92  7:52  Extractor x2  
  90  8:13  Overseer  
  90  8:28  Overseer  
  90  8:59  Drone  
  90  9:00  Drone x7  
  90  9:01  Drone  
  90  9:02  Drone x3  
  102  9:18  Hatchery  
  102  9:19  Zerg Missile Weapons Level 2  
  101  9:25  Evolution Chamber  
  101  9:27  Drone x2  
  101  9:28  Drone x3, Evolution Chamber  
  101  9:29  Hive  
  104  9:36  Spine Crawler  
  104  9:37  Drone x5  
  104  9:38  Drone x7, Spine Crawler  
  115  9:39  Spine Crawler  
  115  9:40  Drone  
  115  9:41  Drone x4  
  115  9:42  Spine Crawler  
  117  9:54  Zerg Melee Weapons Level 1, Zerg Ground Armor Level 1  
  117  10:00  Overseer  
  117  10:15  Extractor  
  117  10:16  Extractor  
  115  10:21  Spore Crawler  
  115  10:24  Spore Crawler  
  115  10:26  Spore Crawler  
  115  10:27  Spore Crawler  
  111  10:30  Spire  
  110  10:45  Tunneling Claws  
  110  10:47  Adrenal Glands  
  110  10:53  Roach x2  
  110  10:54  Roach x10  
  110  10:56  Overlord x3  
  110  10:57  Overlord x4  
  134  11:22  Drone x4  
  134  11:23  Queen  
  134  11:25  Overlord x3  
  140  11:35  Ultralisk Cavern  
  140  11:36  Zerg Missile Weapons Level 3  
  139  11:43  Hydralisk Den  
  134  11:49  Roach x15  
  134  11:50  Roach x11  
  134  11:51  Roach x2  
  185  12:24  Zerg Ground Armor Level 2, Zerg Melee Weapons Level 2  
  185  12:30  Chitinous Plating  
  185  12:32  Greater Spire  
  185  12:54  Overseer  
  185  13:00  Grooved Spines  
  185  13:16  Drone x6  
  185  13:17  Spine Crawler  
  185  13:18  Spine Crawler  
  185  13:19  Spine Crawler, Drone  
  190  13:20  Drone x5  
  190  13:23  Extractor  
  190  13:24  Extractor  
  190  13:26  Ultralisk  
  198  13:50  Muscular Augments  
  198  13:53  Anabolic Synthesis  
  196  14:11  Corruptor x2  
  190  14:24  Overlord x2  
  190  14:25  Overlord x8  
  190  14:26  Overlord x2  
  184  14:36  Corruptor x3, Mutalisk  
  184  14:37  Corruptor x9, Mutalisk  
  184  14:38  Corruptor x2, Mutalisk x3  
  170  14:39  Mutalisk x2, Corruptor  
  170  14:40  Mutalisk, Corruptor  
  170  14:42  Overlord x3  
  170  14:43  Overlord x2  
  170  14:45  Mutalisk x5, Overlord x4  
  154  14:46  Mutalisk x5  
Tags
 
Composition
Carriers
Matchup
PvZ
Replay Pack
Multiplayer
Spawn Locations
Close Positions
Add a new tag
Caveats
  • Supply blocks, unpowered buildings, or Contaminate may cause inaccurate times.
  • Supply counts are checked every 10 seconds.